 Dungeon Crawl Stone Soup version 0.25-a0-24-g72dcfe0359 (webtiles) character file.

Game seed: 11820123414250736258, levelgen mode: deterministic

131 Grimalkyne the Chopper (level 4, -8/41 HPs)
             Began as a Minotaur Monk on Oct 17, 2019.
             Killed from afar by an orc wizard (11 damage)
             ... with a puff of flame
             ... on level 3 of the Dungeon.
             The game lasted 00:04:04 (2353 turns).

Grimalkyne the Chopper (Minotaur Monk)              Turns: 2353, Time: 00:04:05

Health: -8/41      AC:  7    Str: 13 (15) XL:     4   Next: 91%
Magic:  3/3        EV: 10    Int:  4 (7)  God:
Gold:   53         SH:  0    Dex: 12 (14) Spells: 3/3 levels left

rFire    . . .     SeeInvis .   a - +0 hand axe
rCold    . . .     Gourm    .   (no shield)
rNeg     . . .     Faith    .   d - +0 scale mail
rPois    .         Spirit   .   (helmet restricted)
rElec    .         Reflect  .   g - +0 cloak
rCorr    .         Harm     .   (no gloves)
MR       .....                  (no boots)
Stlth    ..........             (no amulet)
HPRegen  0.13/turn              (no ring)
MPRegen  0.08/turn              (no ring)

@: no status effects
A: retaliatory headbutt, horns 2
a: no special abilities


You were on level 3 of the Dungeon.
You were hungry.

You visited 1 branch of the dungeon, and saw 3 of its levels.

You collected 53 gold pieces.

Inventory:

Hand Weapons
 a - a +0 hand axe (weapon)
Missiles
 h - 6 curare-tipped darts
 o - 49 stones (quivered)
Armour
 d - a +0 scale mail (worn)
   (You found it on level 2 of the Dungeon)
 g - a +0 cloak (worn)
   (You found it on level 1 of the Dungeon)
Jewellery
 n - a +3 ring of dexterity {unknown}
   (You found it on level 2 of the Dungeon)
Scrolls
 e - 4 scrolls of teleportation {unknown}
 f - 3 scrolls of remove curse {unknown}
 i - a scroll of amnesia {unknown}
 k - 2 scrolls of random uselessness {unknown}
 l - a scroll of immolation {unknown}
Potions
 j - a potion of cancellation {unknown}
Comestibles
 b - a chunk of flesh {@w0}
 c - 5 rations


   Skills:
 + Level 4.5 Fighting
 + Level 5.5 Axes
 + Level 2.0 Armour
 - Level 3.4 Dodging
 - Level 1.8 Stealth


You had 3 spell levels left.
You didn't know any spells.
Your spell library contained the following spells:

 Spells                   Type           Power        Failure   Level  Hunger
 Magic Dart               Conj           #...         95%         1    ##.....
 Blink                    Tloc           N/A          99%         2    ###....
 Call Imp                 Summ           #.......     99%         2    ###....
 Slow                     Hex            #.......     99%         2    ###....
 Conjure Flame            Conj/Fire      #.......     100%        3    ####...
 Mephitic Cloud           Conj/Pois/Air  #.......     100%        3    ####...


Dungeon Overview and Level Annotations

Branches:
Dungeon (3/15)

Altars:


Innate Abilities, Weirdness & Mutations

You reflexively headbutt those who attack you in melee.
You have a pair of horns on your head.


Message History

The stone hits the orc but does no damage.
An orc wizard comes into view. It is wielding a +0 dagger.
Throwing (i - inventory)
o - 58 stones (quivered)
Aim: an orc, wielding a +0 hand axe of electrocution and wearing a +0 leather armour You throw a stone.
The orc wizard shouts!
The stone hits the orc but does no damage.
You hear a shout!
The orc wizard mumbles some strange words.
The orc wizard seems to speed up.
Throwing (i - inventory)
o - 57 stones (quivered)
Aim: an orc, wielding a +0 hand axe of electrocution and wearing a +0 leather armour You throw a stone.
The stone hits the orc but does no damage.
The orc wizard mumbles some strange words.
The orc wizard flickers and vanishes!
Deactivating autopickup; reactivate with Ctrl-A.
Throwing (i - inventory)
o - 56 stones (quivered)
Aim: an orc, wielding a +0 hand axe of electrocution and wearing a +0 leather armour You throw a stone.
The stone completely misses the orc.
An orc comes into view.
You closely miss the orc.
The orc hits you with a +0 hand axe of electrocution.
You take 5 damage, and have 36/41 hp.
You barely miss the orc. You headbutt the orc.
The orc hits you but does no damage.
An orc comes into view.
It is wielding a +0 flail and wearing a +1 scale mail of cold resistance.
You hit the orc.
You kill the orc!
Something hits you.
You take 3 damage, and have 33/41 hp.
Throwing (i - inventory)
o - 55 stones (quivered)
Aim: an orc, wearing a +0 leather armour You throw a stone.
The stone closely misses the orc.
You are feeling hungry.
Something hits you.
You take 2 damage, and have 31/41 hp.
Throwing (i - inventory)
o - 54 stones (quivered)
Aim: an orc, wearing a +0 leather armour You throw a stone.
Something hits you but does no damage.
Throwing (i - inventory)
o - 53 stones (quivered)
Aim: an orc, wearing a +0 leather armour You throw a stone.
Something hits you but does no damage.
Throwing (i - inventory)
o - 52 stones (quivered)
Aim: an orc, wearing a +0 leather armour You throw a stone.
Something hits you. x2
You take 2 damage, and have 29/41 hp.
Throwing (i - inventory)
o - 51 stones (quivered)
Aim: an orc, wearing a +0 leather armour You throw a stone.
The stone barely misses the orc.
Something hits you but does no damage.
Throwing (i - inventory)
o - 50 stones (quivered)
Aim: an orc, wearing a +0 leather armour You throw a stone.
Something hits you. x2
You take 7 damage, and have 22/41 hp.
You are too injured to fight recklessly!
You closely miss something.
You hear some strange, mumbled words.
A puff of flame appears from out of thin air!
The puff of flame hits you.
You take 6 damage, and have 16/41 hp.
You hit something. Something hits you but does no damage. Something hits you.
You take 1 damage, and have 15/41 hp.
You miss something. Something hits you but does no damage.
You barely miss something. You headbutt something.
Something hits you but does no damage. Something completely misses you.
You barely miss something. Something hits you but does no damage.
You hit something but do no damage. Something hits you but does no damage.
You miss something.
Something hits you but does no damage. x2
You closely miss something. Something hits you but does no damage.
You hit something. Your headbutt misses something.
You hear some strange, mumbled words.
A puff of flame appears from out of thin air!
The puff of flame hits you.
* * * LOW HITPOINT WARNING * * *
Something hits you.
* * * LOW HITPOINT WARNING * * *
You take 4 damage, and have 11/41 hp.
You hit something. You headbutt something.
Something hits you but does no damage.
You hear some strange, mumbled words.
A puff of frost appears from out of thin air!
The puff of frost hits you.
* * * LOW HITPOINT WARNING * * *
You take 4 damage, and have 7/41 hp.
You closely miss something.
You hear some strange, mumbled words.
A puff of frost appears from out of thin air!
The puff of frost hits you.
* * * LOW HITPOINT WARNING * * *
You take 4 damage, and have 3/41 hp.
It was a potion of degeneration.
There was something very wrong with that liquid.
You feel weakened.
You feel dopey.
You feel clumsy.
You hear some strange, mumbled words.
A puff of flame appears from out of thin air!
The puff of flame hits you!
You die...

####.#.## #.......#
#.......# ####.......#
#.....[....#
#.###.#.#### #.# #.#.#
#
#.#####.#########.#####
#.##..........)@{o(((((
#.#...#.#########o#####
#.#.........# #
#.#..<..###.#
#.#.......#.#
#.##..#.#.#.#
#.....#.#.#.#
####.##.#.#.#
#.##.#.#.#


You could see 2 orcs.

Vanquished Creatures
  Jessica (D:2)
  4 adders (D:2)
  A worm (D:2)
  3 dart slugs
  5 orcs (D:3)
  4 ball pythons
  A giant cockroach (D:1)
  3 goblins
  7 hobgoblins
  3 jackals (D:3)
  2 quokkas (D:2)
  7 bats
  5 frilled lizards (D:2)
  2 kobolds
  9 rats
57 creatures vanquished.

Notes
Turn   | Place    | Note
-------+----------+-------------------------------------------
     0 | D:1      | Grimalkyne the Minotaur Monk began the quest for the Orb.
     0 | D:1      | Reached XP level 1. HP: 19/19 MP: 0/0
   258 | D:1      | Reached XP level 2. HP: 25/27 MP: 1/1
   402 | D:1      | Reached skill level 4 in Axes
  1117 | D:2      | Reached XP level 3. HP: 32/33 MP: 2/2
  1243 | D:2      | Reached skill level 5 in Axes
  1505 | D:2      | Reached skill level 4 in Fighting
  1508 | D:2      | Reached skill level 1 in Armour
  1508 | D:2      | Reached XP level 4. HP: 38/40 MP: 3/3
  1831 | D:2      | Noticed Jessica
  1837 | D:2      | Killed Jessica
  2316 | D:3      | Reached skill level 2 in Armour
  2351 | D:3      | HP: 7/41 [something/puff of frost (5)]
  2352 | D:3      | HP: 3/41 [something/puff of frost (4)]
  2353 | D:3      | Killed from afar by an orc wizard

Levels and vault maps discovered:
D:1:      dpeg_arrival_chase, layout_basic
D:2:      layout_loops_corners, uniq_jessica
D:3:      layout_basic, ebering_ghost_gozag

Skill      XL: |  1  2  3  4 |
---------------+-------------+-----
Axes           | 4 5 |  5.5
Fighting       | 4 |  4.5
Armour         | 1 2 |  2.0
Dodging        | |  3.4
Stealth        | |  1.8

Action                   |  1- 3 |  4- 6 || total
-------------------------+-------+-------++-------
Melee: Hand axe          |    82 |    47 ||   129
       Headbutt          |    14 |    14 ||    28
Throw: Stone             |       |    45 ||    45
  Use: Potion            |       |     1 ||     1
 Stab: Sleeping          |     5 |       ||     5
  Eat: Chunk             |     2 |     2 ||     4
Armor: Robe              |     9 |       ||     9
       Scale mail        |    12 |    17 ||    29
Dodge: Dodged            |    46 |    14 ||    60

Table legend:
 A = Non-vault XP
 B = Vault XP
 C = Vault XP percentage of total XP
 D = Non-vault monster count
 E = Vault monster count
 F = Vault count percentage of total count
                 A         B        C        D         E       F
            +---------+---------+-------+---------+---------+-------
      Total |     151 |      37 |  19.7 |      56 |       1 |   1.8
            +---------+---------+-------+---------+---------+-------
        D:1 |      35 |       0 |   0.0 |      21 |       0 |   0.0
        D:2 |      87 |      37 |  29.8 |      23 |       1 |   4.2
        D:3 |      29 |       0 |   0.0 |      12 |       0 |   0.0
            +---------+---------+-------+---------+---------+-------

Levels and vault maps discovered:
D:1:      dpeg_arrival_chase, layout_basic
D:2:      layout_loops_corners, uniq_jessica
D:3:      layout_basic, ebering_ghost_gozag

Table legend:
 A = Turns spent in this place as a percentage of turns spent in the entire game.
 B = Non-inter-level travel turns spent in this place as a percentage of non-inter-level travel turns spent in the entire game.
 C = Inter-level travel turns spent in this place as a percentage of turns spent in this place.
 D = Turns resting spent in this place as a percentage of non-inter-level travel turns spent in this place.
 E = Turns spent auto-exploring this place as a percentage of non-inter-level travel turns spent in this place.
 F = Non-inter-level travel turns spent in this place divided by the number of levels of this place that you've seen.
                   A       B       C       D       E      F
               +-------+-------+-------+-------+-------+----------------------
         Total | 100.0 | 100.0 |   2.7 |  17.0 |  66.3 | 763.3
       Dungeon | 100.0 | 100.0 |   2.7 |  17.0 |  66.3 | 763.3
               +-------+-------+-------+-------+-------+----------------------

Table legend:
 A = Kills in this place as a percentage of kills in entire the game.
 B = Kills by you in this place as a percentage of kills by you in the entire game.
 C = Kills by friends in this place as a percentage of kills by friends in the entire game.
 D = Other kills in this place as a percentage of other kills in the entire game.
 E = Experience gained in this place as a percentage of experience gained in the entire game.
 F = Experience gained in this place divided by the number of levels of this place that you have seen.
                   A       B       C       D       E      F
               +-------+-------+-------+-------+-------+----------------------
         Total | 100.0 | 100.0 |   N/A |   N/A | 100.0 |  62.7
       Dungeon | 100.0 | 100.0 |   N/A |   N/A | 100.0 |  62.7
               +-------+-------+-------+-------+-------+----------------------
